 Dungeon Crawl Stone Soup version 0.28.0-43-g3370ac3207 (webtiles) character file.

Game seed: 9946599038007650340

240 croobank the Firebug (level 5, 0/38 HPs)
             Began as a Demigod Fire Elementalist on Mar 17, 2022.
             Slain by a gnoll
             ... wielding a +0 flail
              (3 damage)
             ... on level 3 of the Dungeon.
             The game lasted 00:12:42 (4303 turns).

croobank the Firebug (Demigod Fire Elementalist)    Turns: 4303, Time: 00:12:42

Health: 0/38       AC:  5    Str:  9    XL:     5   Next: 50%
Magic:  1/12       EV: 13    Int: 21    God:
Gold:   170        SH:  0    Dex: 14    Spells: 2/9 levels left

rFire   + . .      SeeInvis .   a - +3 dagger (venom)
rCold   + . .      Faith    .   (no shield)
rNeg    + . .      Spirit   .   g - +0 robe
rPois   +          Reflect  .   (no helmet)
rElec   +          Harm     .   n - +1 cloak
rCorr   +          Rampage  .   (no gloves)
Will    .....                   d - +0 pair of boots
Stlth   ++........              (no amulet)
HPRegen 0.12/turn               q - ring of positive energy
MPRegen 0.13/turn               (no ring)

@: brilliant, lethally poisoned (0 -> -4), resistant
A: high MP 1, forlorn, divine attributes
a: no special abilities


You were on level 3 of the Dungeon.
You visited 1 branch of the dungeon, and saw 3 of its levels.

You collected 170 gold pieces.

Inventory:

Hand Weapons
 a - a +3 dagger of venom (weapon)
 b - a +0 hunting sling
 e - a +0 whip
 k - a +0 short sword of flaming
 v - a +1 vorpal flail
Missiles
 c - a throwing net
 h - 9 arrows
 j - 31 stones
 o - 55 sling bullets
 p - 2 boomerangs
Armour
 d - a +0 pair of boots (worn)
 g - a +0 robe (worn)
 n - a +1 cloak (worn)
Jewellery
 q - a ring of positive energy (left hand)
Wands
 r - a wand of digging (4)
 w - a wand of paralysis (15)
Scrolls
 t - a scroll of teleportation {unknown}
Potions
 u - a potion of attraction {unknown}


   Skills:
 + Level 3.0 Dodging
 + Level 3.0 Stealth
 + Level 2.7 Spellcasting
 + Level 2.3 Conjurations
 + Level 3.5 Fire Magic


You had 2 spell levels left.
You knew the following spells:

 Your Spells              Type           Power      Damage    Failure   Level
a - Foxfire               Conj/Fire      88%        2x1d8     4%          1
b - Scorch                Fire           52%        2d8       4%          2
c - Flame Wave            Conj/Fire      22%        2d7       38%         4

Your spell library contained the following spells:

 Spells                   Type           Power      Damage    Failure   Level
 Blink                    Tloc           8%         N/A       21%         2
 Ensorcelled Hibernation  Hex/Ice        8%         N/A       21%         2
 Passwall                 Tmut/Erth      3%         N/A       21%         2
 Conjure Flame            Conj/Fire      22%        6-21      12%         3
 Inner Flame              Hex/Fire       15%        N/A       21%         3
 Swiftness                Air            4%         N/A       38%         3
 Tukima's Dance           Hex            4%         N/A       38%         3
 Passage of Golubria      Tloc           4%         N/A       80%         4
 Manifold Assault         Tloc           4%         N/A       98%         5
 Yara's Violent Unravell  Hex/Tmut       2%         3d3       98%         5
 Storm Form               Tmut/Air       2%         N/A       100%        7


Dungeon Overview and Level Annotations

Branches:
Dungeon (3/15)


Innate Abilities, Weirdness & Mutations

You have an increased reservoir of magic. (+10% MP)
You shall have no god before yourself.
Your divine heritage dramatically boosts your attributes as you level up.


Message History

Flames lash the gnoll sergeant but do no damage.
You feel sick.
The gnoll sergeant hits you from afar with a +1 spear of venom.
You are lethally poisoned!
Casting: Scorch (safe; 4% risk of failure)
Confirm with . or Enter, or press ? or * to list all spells.
Flames lash the gnoll sergeant.
The gnoll sergeant is burned terribly!
The gnoll sergeant is almost dead.
You feel very sick. The gnoll sergeant misses you.
Casting: Scorch (safe; 4% risk of failure)
Confirm with . or Enter, or press ? or * to list all spells.
Flames lash the gnoll sergeant.
The gnoll sergeant is burned terribly!
You kill the gnoll sergeant!
* * * LOW HITPOINT WARNING * * *
You feel very sick.
Your Dodging skill increases to level 3!
Your Stealth skill increases to level 3!
Okay, then.
Sorry, you're not good enough to have a special ability.
As you read the scroll labelled EMYTHEH CED, it crumbles to dust.
You hear a loud clanging noise!
It was a scroll of noise.
* * * LOW HITPOINT WARNING * * *
You feel sick.
You hear an angry hiss.
As you read the scroll of identify, it crumbles to dust.
i - a potion of resistance
* * * LOW HITPOINT WARNING * * *
You feel very sick.
You feel protected.
* * * LOW HITPOINT WARNING * * *
You feel sick.
* * * LOW HITPOINT WARNING * * *
You feel sick.
It was a potion of brilliance.
You feel clever all of a sudden.
* * * LOW HITPOINT WARNING * * *
You feel sick. The gnoll hits you with a +0 flail.
You die...

..........# ##.##...g.g.........
##........# #g#################
#.###.##.#####.# ##...##
#...#.##....##.###### ##.....##
###...#####.##..g...# #.......#
##...####.)######.# #.......## #
##.....##.g### #.# #.......##
######.#.....#..g###.####.....###
................@.....###......#.
####....###.##<#...#...........#.
# #.#.## #....###....##.........
#.#.# ###..# ####.##.......#.
#.#.# ##.# #.).......... #...#
### ###...........# #.###
#######....#.###.##.# ####.#
##.......#..#.###.##.# #....#
#####..#######........##.#


You could see 2 gnolls.

Vanquished Creatures
  A gnoll sergeant (D:3)
  Natasha (twice) (D:3)
  2 gnolls
  3 adders
  A worm (D:2)
  2 dart slugs
  An orc (D:3)
  7 endoplasms
  A giant cockroach (D:3)
  10 goblins
  8 hobgoblins
  5 jackals
  8 kobolds
  2 quokkas
  6 ball pythons
  6 bats
  2 frilled lizards
  9 rats
76 creatures vanquished.

Vanquished Creatures (others)
  134 foxfires
134 creatures vanquished.

Grand Total: 210 creatures vanquished

Notes
Turn   | Place    | Note
-------+----------+-------------------------------------------
     0 | D:1      | croobank the Demigod Fire Elementalist began the quest for
                  | the Orb.
     0 | D:1      | Reached XP level 1. HP: 14/14 MP: 5/5
    47 | D:1      | Reached skill level 1 in Conjurations
   312 | D:1      | Reached XP level 2. HP: 20/20 MP: 2/7
   315 | D:1      | Learned a level 2 spell: Scorch
  1612 | D:2      | Reached XP level 3. HP: 24/26 MP: 2/8
  2555 | D:2      | Reached XP level 4. HP: 23/33 MP: 0/10
  2560 | D:2      | Learned a level 4 spell: Flame Wave
  2977 | D:3      | Noticed Natasha
  2980 | D:3      | Killed Natasha
  3256 | D:3      | Noticed a gnoll sergeant
  3479 | D:3      | Noticed Natasha
  4230 | D:3      | Killed Natasha
  4231 | D:3      | Reached XP level 5. HP: 38/38 MP: 4/11
  4303 | D:3      | Slain by a gnoll

Illustrated notes

Levels and vault maps discovered:
D:1:      dpeg_arrival_brainrot, layout_basic, ebering_ecumenical_altar_webs,
          due_unseen_surprise
D:2:      layout_basic, grunt_ministairs_12, minmay_pentomino_p2
D:3:      layout_rooms, general_overflow_altar, uniq_natasha

Skill      XL: |  1  2  3  4  5 |
---------------+----------------+-----
Conjurations   | 1 2 |  2.3
Stealth        | 2 3 |  3.0
Dodging        | 2 3 |  3.0
Spellcasting   | 2 |  2.7
Fire Magic     | 3 |  3.5

Action                   |  1- 3 |  4- 6 || total
-------------------------+-------+-------++-------
Melee: Unarmed           |     5 |       ||     5
       Dagger            |    37 |    11 ||    48
       Whip              |     1 |       ||     1
 Cast: Foxfire           |    67 |    25 ||    92
       Scorch            |     9 |    23 ||    32
Evoke: Wand              |       |     1 ||     1
  Use: Scroll            |     5 |     2 ||     7
       Potion            |       |     4 ||     4
Armor: Robe              |    15 |     2 ||    17
Dodge: Dodged            |    39 |    13 ||    52
